Map: Port Aleksander LE

Players

Krystianer

  • Race: Protoss Protoss
  • League: Grandmaster
  • Spawn Location: 11:00

Lambo - Winner!

  • Race: Zerg Zerg
  • League: Grandmaster
  • Spawn Location: 5:00

VOD

Have the link to the VOD?

Description

Time

  • Played on: Jan. 9, 2019, 11:21 a.m.
  • Length: 9:21
Show
View Real Time Build Order
Export as new Build Order

Krystianer Protoss 

Build Orders: 1 Gate Expand, Oracle Opening, Zealot Archon 

Get SALT Encoding   

  12  0:00  Probe  
  13  0:12  Probe  
  14  0:19  Pylon  
  14  0:24  Probe  
  15  0:33  Probe  
  15  0:41  Probe  
  16  0:42  Gateway  
  16  0:48  Assimilator  
  17  0:51  Probe  
  18  1:04  Probe  
  19  1:16  Probe  
  20  1:27  Nexus  
  20  1:37  Cybernetics Core  
  20  1:42  Assimilator  
  20  1:45  Probe  
  21  1:54  Pylon  
  21  1:57  Probe  
  22  2:04  Adept  
  22  2:09  Probe  
  25  2:18  Stargate  
  25  2:21  Probe  
  25  2:22  Adept  
  26  2:32  Warp Gate  
  26  2:34  Probe  
  26  2:35  Probe  
  30  2:45  Probe  
  30  2:46  Probe  
  30  2:47  Adept  
  34  2:55  Oracle  
  34  2:58  Probe  
  35  3:00  Probe  
  39  3:10  Probe  
  40  3:14  Shield Battery  
  40  3:15  Probe  
  40  3:22  Probe  
  42  3:27  Probe  
  42  3:34  Probe  
  42  3:38  Probe  
  42  3:46  Probe x2  
  41  3:52  Gateway  
  41  3:54  Probe  
  42  3:56  Assimilator  
  42  3:58  Probe, Assimilator  
  42  3:59  Pylon  
  44  4:04  Robotics Facility  
  44  4:05  Probe  
  45  4:10  Probe  
  45  4:15  Phoenix  
  45  4:16  Twilight Council  
  46  4:17  Probe  
  46  4:22  Probe  
  46  4:23  Pylon  
  50  4:29  Probe  
  51  4:35  Charge  
  51  4:44  Gateway  
  51  4:45  Gateway  
  51  4:47  Zealot x2  
  51  4:49  Gateway  
  51  4:52  Gateway  
  55  5:05  Warp Prism  
  57  5:08  Zealot x2  
  61  5:15  Pylon  
  61  5:33  Zealot x2, Pylon  
  65  5:36  Pylon  
  65  5:41  Zealot  
  65  5:42  Zealot  
  68  6:01  Nexus, Pylon  
  68  6:07  Probe, Templar Archives  
  69  6:13  Zealot x4  
  69  6:14  Probe  
  78  6:30  Gateway  
  78  6:32  Gateway  
  78  6:33  Probe, Immortal  
  78  6:37  Pylon  
  79  6:45  High Templar  
  79  6:46  High Templar x3  
  90  6:48  High Templar  
  90  6:51  Archon x2, High Templar  
  94  6:55  Pylon  
  94  6:56  Archon  
  94  7:10  Gateway  
  94  7:15  Probe x2  
  95  7:16  Gateway  
  95  7:20  High Templar x2  
  95  7:21  High Templar x2  
  95  7:22  Sentry  
  106  7:24  Probe, Zealot  
  106  7:26  Archon x2  
  109  7:31  Pylon  
  109  7:33  Pylon  
  109  7:34  Probe  
  98  7:48  High Templar x2  
  98  7:52  Zealot x2  
  98  7:53  Zealot x4  
  98  7:56  Archon  
  110  8:08  Zealot  
  102  8:15  High Templar x2  
  98  8:22  Archon  
  98  8:23  Zealot x6  
  99  8:27  Zealot  
  97  8:39  Zealot  
  86  8:44  Zealot x3  
  80  8:58  Zealot x4  
  80  9:01  Zealot  
  73  9:10  High Templar x2  
  73  9:15  Archon  
  73  9:16  Zealot  
Show
View Real Time Build Order
Export as new Build Order

Lambo Zerg - Winner!

Build Orders: Hatch First 

Get SALT Encoding   

  12  0:01  Drone  
  13  0:13  Overlord  
  13  0:18  Drone  
  14  0:31  Drone x2  
  16  0:49  Hatchery  
  15  0:52  Drone  
  15  0:56  Drone  
  17  1:00  Drone  
  18  1:10  Extractor  
  17  1:15  Spawning Pool  
  17  1:18  Drone  
  17  1:21  Drone  
  18  1:29  Drone  
  19  1:39  Drone  
  20  1:49  Overlord  
  20  2:01  Queen x2  
  20  2:02  Zergling x4  
  26  2:11  Metabolic Boost  
  26  2:12  Drone  
  26  2:15  Drone  
  28  2:23  Drone  
  28  2:24  Drone  
  30  2:38  Hatchery  
  30  2:42  Drone  
  30  2:44  Drone  
  30  2:47  Drone  
  32  2:51  Overlord  
  32  2:59  Queen  
  32  3:02  Zergling x4  
  36  3:11  Zergling x2  
  36  3:12  Drone x2  
  39  3:13  Drone  
  39  3:15  Overlord  
  39  3:17  Drone  
  39  3:19  Drone  
  42  3:23  Drone  
  43  3:28  Overlord  
  43  3:35  Drone  
  43  3:39  Drone  
  44  3:43  Spore Crawler  
  44  3:47  Drone  
  44  3:48  Queen, Drone x2  
  45  3:50  Spore Crawler  
  45  3:52  Drone x2  
  45  3:55  Drone x2  
  50  4:00  Drone x2  
  52  4:04  Overlord  
  52  4:07  Drone x2  
  53  4:10  Drone  
  53  4:11  Drone x2  
  53  4:13  Drone  
  57  4:18  Queen  
  57  4:21  Drone x2  
  61  4:26  Drone x2  
  61  4:30  Overlord  
  61  4:31  Drone x2  
  65  4:35  Lair  
  65  4:37  Drone  
  66  4:40  Drone  
  66  4:44  Extractor  
  66  4:45  Extractor  
  66  4:46  Roach Warren, Drone x2  
  66  4:50  Drone  
  66  4:51  Drone x2  
  66  4:52  Drone  
  70  4:55  Overlord  
  70  4:59  Overlord, Evolution Chamber  
  69  5:01  Drone x2  
  69  5:03  Drone  
  69  5:05  Drone  
  69  5:06  Drone  
  72  5:14  Drone x2  
  72  5:16  Drone x2  
  72  5:17  Drone  
  72  5:18  Overlord  
  75  5:23  Drone  
  75  5:25  Zerg Missile Weapons Level 1  
  75  5:27  Extractor  
  75  5:28  Extractor  
  74  5:30  Roach x4  
  74  5:33  Roach x3  
  88  5:39  Glial Reconstitution  
  88  5:43  Overlord  
  88  5:44  Roach  
  88  5:48  Overlord  
  91  5:50  Roach x2  
  91  5:51  Zergling x2  
  91  5:55  Overlord  
  94  5:58  Overlord  
  94  6:00  Overlord  
  94  6:01  Roach x4  
  94  6:03  Overlord  
  102  6:07  Roach x3  
  108  6:11  Overlord  
  108  6:14  Hydralisk Den  
  108  6:16  Roach x3  
  113  6:31  Roach x5  
  123  6:40  Overlord, Hatchery  
  123  6:43  Roach x5  
  131  6:48  Zergling x4  
  133  6:54  Overlord  
  133  6:55  Roach  
  133  6:56  Roach x3  
  133  6:57  Muscular Augments  
  141  7:09  Drone x6  
  141  7:11  Extractor  
  146  7:19  Overlord, Pneumatized Carapace  
  146  7:32  Overlord  
  146  7:33  Hydralisk x5  
  146  7:34  Hydralisk x2  
  146  7:36  Lurker Den  
  155  7:37  Overlord  
  151  7:44  Hydralisk  
  151  7:45  Roach x4  
  161  7:54  Hydralisk x3  
  167  7:58  Overlord  
  167  8:02  Overlord, Hydralisk x2  
  167  8:09  Hydralisk x3  
  173  8:16  Overlord  
  173  8:17  Overlord, Hydralisk x2  
  171  8:20  Overlord  
  171  8:24  Overlord  
  171  8:25  Zergling x8  
  165  8:37  Roach x3  
  161  8:42  Hydralisk  
  161  8:43  Roach  
  149  8:49  Overlord  
  149  8:52  Hydralisk x3  
  149  8:53  Roach  
  153  8:57  Roach, Zergling x8  
  153  9:01  Roach, Zergling x2  
Tags
 
Add a new tag
Caveats
  • Supply blocks, unpowered buildings, or Contaminate may cause inaccurate times.
  • Supply counts are checked every 10 seconds.